 Dungeon Crawl Stone Soup version 0.30.1-3-gfc49f6343a (webtiles) character file.

Game seed: 7362143126846231069

218 Fodor the Covered (level 5, -3/45 (47) HPs)
             Began as a Minotaur Fighter on July 28, 2023.
             Slain by Crazy Yiuf
             ... wielding a +4 quarterstaff of chaos
              (19 damage)
             ... on level 3 of the Dungeon.
             The game lasted 00:08:14 (1987 turns).

Fodor the Covered (Minotaur Fighter)                Turns: 1987, Time: 00:08:14

HP:   -3/45 (47)    AC:  7    Str: 22    XL:     5   Next: 63%
MP:   4/4           EV: 10    Int:  5    God:
Gold: 98            SH:  4    Dex: 10    Spells: 4/4 levels left

rFire   . . .        a - +0 long sword
rCold   . . .        c - +0 buckler
rNeg    . . .        b - +0 scale mail
rPois   +            (helmet restricted)
rElec   .            (no cloak)
rCorr   .            (no gloves)
SInv    .            (no boots)
Will    .....        g - amulet of the acrobat Stlth
                     f - ring of poison resistance
HPRegen 0.27/turn    (no ring)
MPRegen 0.09/turn

%: acrobat
@: lightly drained
A: horns 2, retaliatory headbutt
a: no special abilities


You were on level 3 of the Dungeon.
You visited 1 branch of the dungeon, and saw 3 of its levels.

You collected 98 gold pieces.

Inventory:

Hand Weapons
 a - a +0 long sword (weapon)
 h - a +0 hand axe of freezing
Armour
 b - a +0 scale mail (worn)
 c - a +0 buckler (worn)
Jewellery
 d - an amulet of faith
 f - a ring of poison resistance (left hand)
 g - an amulet of the acrobat (around neck)
Scrolls
 e - a scroll of fog {unknown}
 i - 6 scrolls of identify {unknown}
 m - a scroll of immolation {unknown}
 n - a scroll of fear {unknown}
 q - 2 scrolls of noise {unknown}
 r - a scroll of magic mapping {unknown}
 s - a scroll of blinking {unknown}
Potions
 j - a potion of curing
 k - a potion of lignification {unknown}
 l - a potion of invisibility
 o - a potion of berserk rage {unknown}
 p - a potion of mutation {unknown}
 t - a potion of might


   Skills:
 + Level 4.5 Fighting
 + Level 4.3 Long Blades
 + Level 5.3 Armour
 + Level 1.2 Dodging
 + Level 4.4 Shields


You had 4 spell levels left.
You didn't know any spells.
Your spell library contained the following spells:

 Spells                   Type           Power      Damage    Failure   Level
 Sting                    Tmut/Pois      0%         1d3       85%         1
 Poisonous Vapours        Pois/Air       0%         N/A       94%         2
 Olgreb's Toxic Radiance  Pois           0%         N/A       100%        4


Dungeon Overview and Level Annotations

Branches:
Dungeon (3/15)

Altars:

Annotations:
D:3 Crazy Yiuf


Innate Abilities, Weirdness & Mutations

You have a pair of horns on your head.
You reflexively headbutt those who attack you in melee.


Message History

The kobold barely misses you. You furiously retaliate!
You headbutt the kobold!
You kill the kobold!
Things that are here:
a +0 dagger; 5 stones; a kobold corpse
Found two hammers.
You see here a +0 hammer.
You hear the slow rusting of a very distant drain.
Found a glowing hammer.
Found a runed translucent door.
Crazy Yiuf shouts!
Crazy Yiuf grits, "Nubble green pizzabubble!"
You open the door. You slash Crazy Yiuf!
Crazy Yiuf is moderately wounded.
Crazy Yiuf hits you with a +4 quarterstaff of chaos.
You closely miss Crazy Yiuf.
Crazy Yiuf is moderately wounded.
Crazy Yiuf completely misses you.
You barely miss Crazy Yiuf.
Crazy Yiuf is moderately wounded.
Crazy Yiuf cries, "Castle light spinner!"
You block Crazy Yiuf's attack.
Crazy Yiuf whimpers, "Fluff!"
Crazy Yiuf barely misses you.
You hit Crazy Yiuf.
Crazy Yiuf is heavily wounded.
Crazy Yiuf hits you with a +4 quarterstaff of chaos.
Crazy Yiuf freezes you.
You hit Crazy Yiuf but do no damage.
Crazy Yiuf is heavily wounded.
Crazy Yiuf screams, "Peeping horse eyeball!"
Crazy Yiuf hits you with a +4 quarterstaff of chaos!
You feel drained.
You barely miss Crazy Yiuf.
Crazy Yiuf is heavily wounded.
Crazy Yiuf misses you.
You closely miss Crazy Yiuf. Your headbutt misses Crazy Yiuf.
Crazy Yiuf is heavily wounded.
Crazy Yiuf hits you with a +4 quarterstaff of chaos.
You are electrocuted!!
You die...

# .#
##.#
...# ..
...##...
#####
.[......
#..)#
........
#...#
........
...
........
#g#
........
##@#
....#..!
#.##
........
##.#
...#....
#.##
##.#...
##.##
.....
#.PP## #
#..
#.PPP# #
#.#
#....# #
#.#
#.)).#


You could see Crazy Yiuf.

Vanquished Creatures
  A phantom (D:2)
  Robin (D:2)
  4 adders
  An ufetubus (D:3)
  2 worms (D:2)
  A dart slug (D:3)
  4 orcs (D:3)
  4 ball pythons
  10 endoplasms
  4 giant cockroaches
  7 hobgoblins
  4 kobolds
  2 quokkas (D:1)
  6 bats
  7 frilled lizards
  14 goblins
  3 rats
75 creatures vanquished.

Notes
Turn   | Place    | Note
-------+----------+-------------------------------------------
     0 | D:1      | Fodor the Minotaur Fighter began the quest for the Orb.
     0 | D:1      | Reached XP level 1. HP: 19/19 MP: 0/0
   122 | D:1      | Reached XP level 2. HP: 25/27 MP: 1/1
   153 | D:1      | Reached skill level 4 in Armour
   620 | D:2      | Reached XP level 3. HP: 31/33 MP: 2/2
   874 | D:2      | Noticed Robin
   902 | D:2      | Killed Robin
   903 | D:2      | Reached XP level 4. HP: 13/40 MP: 3/3
  1734 | D:3      | Noticed a phantom
  1763 | D:2      | Killed a phantom
  1764 | D:2      | Reached skill level 5 in Armour
  1764 | D:2      | Reached skill level 1 in Dodging
  1764 | D:2      | Reached XP level 5. HP: 26/47 MP: 4/4
  1976 | D:3      | Found a runed translucent door.
  1977 | D:3      | Noticed Crazy Yiuf
  1987 | D:3      | Slain by Crazy Yiuf

Illustrated notes

Levels and vault maps discovered:
D:1:      dpeg_arrival_more_subterranean_lakeside_camping, layout_basic,
          minmay_close_crescents
D:2:      layout_basic, uniq_robin
D:3:      layout_rooms, serial_shops, shop, gup_sewer_entry_pipe,
          uniq_crazy_yiuf_cottage

Skill      XL: |  1  2  3  4 |
---------------+-------------+-----
Armour         | 4 5 |  5.3
Fighting       | 4 |  4.5
Shields        | 4 |  4.4
Long Blades    | 3 4 |  4.3
Dodging        | 1 |  1.2

Action                     |  1- 3 |  4- 6 || total
---------------------------+-------+-------++-------
  Melee: Long sword        |    98 |    73 ||   171
         Headbutt          |    13 |     3 ||    16
    Use: Potion            |       |     3 ||     3
   Stab: Invisible         |       |     1 ||     1
 Armour: Scale mail        |    48 |    46 ||    94
  Dodge: Dodged            |    62 |    71 ||   133
  Block: Buckler           |    20 |    27 ||    47
